 Dungeon Crawl Stone Soup version 0.28.0 (webtiles) character file.

Game seed: 13136144716813303251

1029 Sanktem7 the Slasher (level 8, -1/70 HPs)
             Began as a Minotaur Fighter on Feb 9, 2022.
             Succumbed to a gnoll sergeant's poison
             ... on level 6 of the Dungeon.
             The game lasted 00:07:25 (3410 turns).

Sanktem7 the Slasher (Minotaur Fighter)             Turns: 3410, Time: 00:07:26

Health: -1/70      AC: 16    Str: 23    XL:     8   Next: 3%
Magic:  7/7        EV:  3    Int:  5    God:
Gold:   77         SH: 12    Dex: 10    Spells: 7/7 levels left

rFire   . . .      SeeInvis .   a - +0 long sword
rCold   + . .      Faith    .   t - +0 tower shield
rNeg    . . .      Spirit   .   x - +0 plate armour
rPois   .          Reflect  .   (helmet restricted)
rElec   .          Harm     .   (no cloak)
rCorr   .          Rampage  .   (no gloves)
Will    .....                   (no boots)
Stlth   ..........              (no amulet)
HPRegen 0.21/turn               p - +4 ring of protection
MPRegen 0.10/turn               u - ring of protection from cold

@: lethally poisoned (-1 -> -10)
A: horns 2, retaliatory headbutt
a: no special abilities


You were on level 6 of the Dungeon.
You visited 1 branch of the dungeon, and saw 6 of its levels.

You collected 140 gold pieces.
You spent 63 gold pieces at shops.

Inventory:

Hand Weapons
 a - a +0 long sword (weapon)
Missiles
 g - 49 arrows
 w - a throwing net (quivered)
Armour
 t - a +0 tower shield (worn)
 x - a +0 plate armour (worn)
Jewellery
 p - a +4 ring of protection (left hand)
 u - a ring of protection from cold (right hand)
Wands
 n - a wand of paralysis (6)
Scrolls
 e - a scroll of enchant weapon {unknown}
 h - 2 scrolls of fog
 i - 2 scrolls of enchant armour {unknown}
 l - 3 scrolls of teleportation
 m - a scroll of magic mapping {unknown}
 o - a scroll of brand weapon {unknown}
 r - a scroll of immolation {unknown}
 s - a scroll of blinking {unknown}
Potions
 d - 2 potions of might
 f - 3 potions of flight
 j - a potion of cancellation {unknown}
 q - 2 potions of degeneration
 v - a potion of ambrosia {unknown}


   Skills:
 * Level 6.1 Fighting
 * Level 7.3 Long Blades
 * Level 6.3 Armour
 + Level 2.2 Dodging
 - Level 0.3 Stealth
 + Level 5.3 Shields


You had 7 spell levels left.
You didn't know any spells.
Your spell library was empty.

Dungeon Overview and Level Annotations

Branches:
Dungeon (6/15)
 Temple: D:4-7

Altars:
Ru

Shops:
D:4 [[:(


Innate Abilities, Weirdness & Mutations

You have a pair of horns on your head.
You reflexively headbutt those who attack you in melee.


Message History

You kill the gnoll!
You feel very sick. You block the gnoll sergeant's attack.
The gnoll hits you but does no damage. You block the gnoll's attack.
The gnoll sergeant hits you but does no damage.
You are more poisoned.
As you read the scroll of teleportation, it crumbles to dust.
You feel strangely unstable.
You feel very sick.
The gnoll hits you but does no damage. x2
The gnoll hits you from afar with a +0 spear.
The ice beast hits you but does no damage.
You block the gnoll sergeant's attack.
You hit the gnoll but do no damage.
* * * LOW HITPOINT WARNING * * *
You feel very sick. The gnoll hits you with a +0 flail.
* * * LOW HITPOINT WARNING * * *
The gnoll hits you but does no damage. The gnoll hits you with a +0 flail.
* * * LOW HITPOINT WARNING * * *
The gnoll hits you from afar with a +0 spear.
* * * LOW HITPOINT WARNING * * *
The ice beast hits you but does no damage.
You block the gnoll sergeant's attack. The gnoll hits you but does no damage.
You block the gnoll's attack. The gnoll hits you but does no damage.
The gnoll hits you with a +0 flail.
* * * LOW HITPOINT WARNING * * *
You barely miss the gnoll.
* * * LOW HITPOINT WARNING * * *
You feel very sick. You block the ice beast's attack.
You block the gnoll sergeant's attack. You block the gnoll's attack.
The gnoll hits you but does no damage. You block the gnoll's attack.
The gnoll hits you from afar with a +0 spear.
* * * LOW HITPOINT WARNING * * *
The ice beast hits you but does no damage.
You barely miss the gnoll.
Your surroundings suddenly seem different.
Found a fizzy amethyst potion.
You die...

#.###...... ...........#
.#........ #..........##
..........
##..........###.#.......
#...........##..##......
............##..###..).#
............##.......<..
..............(......))#
.......@......#gg.....##
.............gY.......#
.............g#g......#
.#.!.........##.........
#.....$....##....^....#
#.....................#
#.........)##..##......
............##.# #...=
.##...#.. #.. #...


You could see an ice beast, a gnoll sergeant and a gnoll.

Vanquished Creatures
  2 ice beasts
  2 black bears
  3 necrophages (D:5)
  A scorpion (D:5)
  An orc priest (D:6)
  2 hounds (D:5)
  A bullfrog skeleton (D:4)
  An iguana (D:5)
  2 orc wizards
  A gnoll (D:6)
  A howler monkey skeleton (D:4)
  4 adders
  A white imp (D:5)
  An ufetubus (D:6)
  3 worms
  3 dart slugs
  13 orcs
  2 bats
  7 endoplasms
  2 giant cockroaches (D:2)
  3 goblins
  6 hobgoblins
  3 jackals (D:4)
  A kobold (D:3)
  3 quokkas
  6 ball pythons
  2 frilled lizards (D:3)
  4 rats
81 creatures vanquished.

Notes
Turn   | Place    | Note
-------+----------+-------------------------------------------
     0 | D:1      | Sanktem7 the Minotaur Fighter began the quest for the Orb.
     0 | D:1      | Reached XP level 1. HP: 19/19 MP: 0/0
     0 | D:1      | Noticed a large abomination
     0 | D:1      | Noticed an ice dragon
     2 | D:1      | You fall into a shaft and drop 1 floor!
   373 | D:2      | Reached XP level 2. HP: 22/27 MP: 1/1
   720 | D:2      | Reached XP level 3. HP: 29/33 MP: 2/2
   957 | D:3      | Reached skill level 3 in Long Blades
  1442 | D:4      | Noticed an ice beast
  1446 | D:4      | Killed an ice beast
  1447 | D:4      | Reached skill level 4 in Long Blades
  1447 | D:4      | Reached skill level 1 in Dodging
  1447 | D:4      | Reached XP level 4. HP: 41/41 MP: 3/3
  1447 | D:4      | Reached XP level 5. HP: 47/47 MP: 4/4
  1978 | D:4      | Found Vosimmusa's Armour Shoppe.
  1978 | D:4      | Found Fetigy's Armour Shoppe.
  1978 | D:4      | Found Wirextat's Book Shoppe.
  1984 | D:4      | Found Geluijea's Antique Weapon Shoppe.
  1986 | D:4      | Bought a +0 tower shield for 63 gold pieces
  2282 | D:5      | Entered Level 5 of the Dungeon
  2282 | D:5      | Noticed a black bear
  2289 | D:5      | Killed a black bear
  2290 | D:5      | Reached skill level 5 in Long Blades
  2290 | D:5      | Reached XP level 6. HP: 39/55 MP: 5/5
  2407 | D:5      | Reached skill level 5 in Armour
  2417 | D:5      | Reached skill level 5 in Fighting
  2591 | D:5      | Found a sacrificial altar of Ru.
  2740 | D:5      | Reached XP level 7. HP: 54/61 MP: 6/6
  2798 | D:5      | Reached skill level 6 in Long Blades
  2798 | D:5      | Reached skill level 5 in Shields
  3291 | D:6      | Reached skill level 7 in Long Blades
  3296 | D:6      | Reached XP level 8. HP: 51/70 MP: 7/7
  3409 | D:6      | HP: 2/70 [gnoll (2)]
  3410 | D:6      | Succumbed to a gnoll sergeant's poison

Illustrated notes

Levels and vault maps discovered:
D:1:      shiori_arrival_whats_in_store_for_you, layout_basic,
          shapermc_ecumenical_altar_pompeii, serial_shops,
          nicolae_shop_behind_doors
D:2:      layout_loops_cross
D:3:      layout_rooms
D:4:      wander_river, layout_gridville, minmay_shop_grid_forest
D:5:      layout_basic, mainiacjoe_overflow_cross_hatched
D:6:      layout_cave_pools, minmay_manual_mess

Skill      XL: |  1  2  3  4  5  6  7 |
---------------+----------------------+-----
Shields        | 4 5 |  5.3
Fighting       | 4 5 6 |  6.1
Armour         | 4 5 6 |  6.3
Long Blades    | 4 5 7 |  7.3
Dodging        | 1 2 |  2.2
Stealth        | |  0.3

Action                   |  1- 3 |  4- 6 |  7- 9 || total
-------------------------+-------+-------+-------++-------
Melee: Long sword        |    68 |    71 |    61 ||   200
       Headbutt          |    13 |    14 |    12 ||    39
  Use: Scroll            |       |     4 |     1 ||     5
Armor: Scale mail        |    32 |    28 |       ||    60
       Plate armour      |       |     7 |    44 ||    51
Dodge: Dodged            |    35 |    24 |     5 ||    64
Block: Buckler           |    10 |     5 |       ||    15
       Tower shield      |       |    20 |    61 ||    81
